 Dungeon Crawl Stone Soup version 0.30-a0-174-gbc10bd73c2 (webtiles) character file.

Game seed: 17418331134297532009

1401 qw the Cleaver (level 8, -3/52 HPs)
             Began as a Gargoyle Fighter on Oct 1, 2022.
             Was a Follower of Okawaru.
             Slain by a gnoll
             ... wielding a +0 spear
              (4 damage)
             ... on level 6 of the Dungeon.
             The game lasted 00:02:15 (4082 turns).

qw the Cleaver (Gargoyle Fighter)                   Turns: 4082, Time: 00:02:16

Health: -3/52      AC: 14    Str: 23    XL:     8   Next: 69%
Magic:  7/8        EV:  9    Int:  8    God:    Okawaru [*.....]
Gold:   343        SH:  4    Dex:  9    Spells: 7/7 levels left

rFire   . . .      SeeInvis .    Y - +0 war axe
rCold   . . .      Faith    .    c - +0 buckler
rNeg    + . .      Spirit   .    b - +0 scale mail
rPois   inf        Reflect  .    e - +0 helmet
rElec   +          Harm     .    j - +0 cloak
rCorr   .          Rampage  .    (no gloves)
Will    .....                    (no boots)
Stlth   ..........               f - amulet of regeneration
HPRegen 1.08/turn                (no ring)
MPRegen 0.11/turn                (no ring)

@: no status effects
A: sickness immunity, AC +5, negative energy resistance 1, electricity
resistance, torment resistance 1, petrification resistance
a: Renounce Religion, Heroism


You were on level 6 of the Dungeon.
You worshipped Okawaru.
Okawaru was aware of your devotion.
You visited 2 branches of the dungeon, and saw 7 of its levels.

You collected 343 gold pieces.


Innate Abilities, Weirdness & Mutations

You are immune to sickness and miasma.
Your stone body is resilient. (AC +5)
You are immune to poison.
You resist negative energy. (rN+)
You are resistant to electric shocks. (rElec)
You are resistant to unholy torment.
You are immune to petrification.


   Skills:
 - Level 6.3 Fighting
 + Level 8.3 Axes
 - Level 3.2 Armour
 - Level 1.1 Dodging
 - Level 3.2 Shields
 + Level 1.1 Invocations


You had 7 spell levels left.
You didn't know any spells.
Your spell library was empty.

Inventory:

Hand Weapons
 l - a +0 morningstar
 Y - a +0 war axe (weapon)
Armour
 b - a +0 scale mail (worn)
 c - a +0 buckler (worn)
 e - a +0 helmet (worn)
 j - a +0 cloak (worn)
 q - a +0 pair of gloves
Jewellery
 f - an amulet of regeneration (around neck)
Scrolls
 a - 3 scrolls of identify
Potions
 d - 2 potions of might
 h - a potion of haste
 i - a potion of magic
 m - a potion of curing
 n - 2 potions of attraction
 o - 2 potions of lignification
 p - a potion of cancellation {unknown}

Dungeon Overview and Level Annotations

Branches:
Dungeon (6/15)             Temple (1/1) D:5

Altars:
Cheibriados
Dithmenos
Elyvilon
Fedhas
Gozag
Hepliaklqana
Kikubaaqudgha
Nemelex Xobeh
Okawaru
Qazlal
Ru
Sif Muna
Trog
Uskayaw
Yredelemnul
Zin

Shops:
D:1 [


Message History

You hit the orc priest but do no damage.
You miss the orc wizard. The gnoll hits you but does no damage.
The orc wizard closely misses you. You block the gnoll's attack.
The orc priest misses you.
You slash the orc priest!
The orc priest is almost dead.
You closely miss the gnoll.
You hit the orc wizard but do no damage.
You hit the orc priest but do no damage.
The orc priest is almost dead.
You barely miss the gnoll. You hit the orc wizard.
The gnoll closely misses you. You block the gnoll's attack.
The orc wizard hits you with a +0 dagger.
The gnoll barely misses you. The orc priest hits you with a +0 mace.
You slash the orc priest!
You kill the orc priest!
Okawaru accepts your kill.
You hit the gnoll but do no damage. You barely miss the orc wizard.
The gnoll hits you from afar with a +0 spear.
You block the gnoll's attack. The gnoll hits you with a +0 whip.
The orc wizard barely misses you.
You slash the orc wizard!
You kill the orc wizard!
Okawaru accepts your kill.
You slash the gnoll! You block the gnoll's attack.
The gnoll hits you from afar with a +0 spear.
You block the gnoll's attack.
Your Invocations skill increases to level 1!
You hit the gnoll.
The gnoll is almost dead.
The gnoll closely misses you. You block the gnoll's attack. x2
You slice the gnoll!!
You kill the gnoll!
Okawaru accepts your kill.
The gnoll hits you from afar with a +0 spear.
The gnoll barely misses you.
You feel like a meek peon again. The gnoll hits you with a +0 spear. x2
You die...

#.# #.....#
........#..
###....
........#####+##
#....
.............(.#
#....
...............#
###..
...............#
####.#
...............#
#.....
.....>g........#
#.##..
......g@)).....#
#.####
.......).).....#
#.#<..
########.......#
#..... ........#
#.....
.........#
##....
....#######
#.... .....#
#.... ......#
#...< .......#
#....


You could see 2 gnolls.

Vanquished Creatures
  A water moccasin (D:5)
  Duvessa (D:4)
  2 black bears (D:6)
  2 ogres
  A centaur (D:6)
  A necrophage (D:6)
  3 scorpions
  Dowan (D:4)
  2 orc priests
  2 hounds (D:4)
  An iguana (D:5)
  2 orc wizards
  5 gnolls (D:6)
  8 adders
  2 white imps (D:6)
  An ufetubus (D:5)
  3 worms
  A dart slug (D:3)
  19 orcs
  7 ball pythons
  5 endoplasms
  2 giant cockroaches
  6 goblins
  9 hobgoblins
  6 quokkas
  6 bats
  2 frilled lizards
  9 kobolds
  27 rats
137 creatures vanquished.

Notes
Turn   | Place    | Note
-------+----------+-------------------------------------------
     0 | D:1      | qw the Gargoyle Fighter began the quest for the Orb.
     0 | D:1      | Reached XP level 1. HP: 14/14 MP: 1/1
     0 | D:1      | 0 ||| qw: Version: 0.2-a-13-gfc7b4b4
     0 | D:1      | 0 ||| qw: Game counter: 1942
     0 | D:1      | 0 ||| qw: Always use a shield: true
     0 | D:1      | 0 ||| qw: God list: Okawaru
     0 | D:1      | 0 ||| qw: Allow faded altars: false
     0 | D:1      | 0 ||| qw: Do Orc after D:15 true
     0 | D:1      | 0 ||| qw: Do second Lair branch before Depths: true
     0 | D:1      | 0 ||| qw: Lair rune preference: random
     0 | D:1      | 0 ||| qw: Plans: Normal, Zot:1-4, God:TSO, Crypt, Tomb,
                  | Pan, Slime:5, Hells, Abyss, Orb
     0 | D:1      | 0 ||| PLANNING D:1-11
    17 | D:1      | Reached skill level 2 in Axes
    19 | D:1      | 19 ||| Stepping ~*~*~tactically~*~*~ (stealth).
    21 | D:1      | 21 ||| Stepping ~*~*~tactically~*~*~ (stealth).
    48 | D:1      | Found a faded altar of an unknown god.
    89 | D:1      | Reached XP level 2. HP: 19/19 MP: 2/2
    97 | D:1      | Found Xozaj's Antique Armour Emporium.
   105 | D:1      | 105 ||| SHOPLISTING chain mail (112 gold, have 9).
   105 | D:1      | 105 ||| SHOPLISTING pair of runed boots (187 gold, have 9).
   199 | D:1      | 199 ||| Stepping ~*~*~tactically~*~*~ (stealth).
   417 | D:1      | Reached skill level 3 in Axes
   421 | D:1      | 421 ||| Stepping ~*~*~tactically~*~*~ (stealth).
   437 | D:1      | Reached XP level 3. HP: 23/23 MP: 3/3
   478 | D:1      | 478 ||| UPGRADING to amulet of regeneration.
   483 | D:1      | 483 ||| READING scroll labelled EGROIN SOANYL.
   484 | D:1      | 484 ||| READING scroll labelled XUELOG DEAHUS.
   786 | D:2      | 786 ||| DROPPING +0 club.
  1161 | D:2      | 1161 ||| UPGRADING to +0 helmet.
  1166 | D:2      | 1166 ||| UPGRADING to +0 cloak.
  1171 | D:2      | 1171 ||| READING 2 scrolls labelled VAAWNASOLO.
  1172 | D:2      | 1172 ||| DRINKING 2 coppery potions.
  1173 | D:2      | 1173 ||| READING 3 scrolls of identify.
  1173 | D:2      | 1173 ||| IDENTIFYING white potion
  1174 | D:2      | 1174 ||| READING 2 scrolls of identify.
  1174 | D:2      | 1174 ||| IDENTIFYING brown potion
  1175 | D:2      | 1175 ||| DROPPING scroll of magic mapping.
  1316 | D:3      | Found an ancient bone altar of Kikubaaqudgha.
  1381 | D:3      | Reached XP level 4. HP: 28/28 MP: 4/4
  1626 | D:3      | Reached skill level 4 in Axes
  1627 | D:3      | 1627 ||| Stepping ~*~*~tactically~*~*~ (stealth).
  1646 | D:3      | 1646 ||| Stepping ~*~*~tactically~*~*~ (stealth).
  1826 | D:3      | 1826 ||| Stepping ~*~*~tactically~*~*~ (hiding).
  1828 | D:3      | 1828 ||| Stepping ~*~*~tactically~*~*~ (hiding).
  1977 | D:3      | 1977 ||| READING scroll labelled YKAREWI IXO.
  1978 | D:3      | 1978 ||| READING scroll labelled NELOER FISO.
  1979 | D:3      | 1979 ||| READING 2 scrolls of identify.
  1979 | D:3      | 1979 ||| IDENTIFYING fuming green potion
  1980 | D:3      | 1980 ||| DROPPING potion of magic.
  2092 | D:4      | Noticed a scorpion
  2113 | D:4      | Killed a scorpion
  2114 | D:4      | Reached XP level 5. HP: 28/32 MP: 5/5
  2132 | D:4      | 2132 ||| DROPPING +0 whip.
  2163 | D:4      | Noticed Duvessa
  2164 | D:4      | 2164 ||| Stepping ~*~*~tactically~*~*~ (stealth).
  2165 | D:4      | 2165 ||| Stepping ~*~*~tactically~*~*~ (stealth).
  2171 | D:4      | 2171 ||| Stepping ~*~*~tactically~*~*~ (stealth).
  2173 | D:4      | 2173 ||| Stepping ~*~*~tactically~*~*~ (stealth).
  2202 | D:4      | Killed Duvessa
  2203 | D:4      | Reached skill level 5 in Axes
  2203 | D:4      | Reached XP level 6. HP: 35/37 MP: 6/6
  2251 | D:4      | Noticed Dowan
  2263 | D:4      | Killed Dowan
  2294 | D:4      | 2294 ||| Stepping ~*~*~tactically~*~*~ (stealth).
  2607 | D:4      | 2607 ||| READING scroll labelled IKAISI TOBA.
  2608 | D:4      | 2608 ||| READING scroll labelled MAPLIL VYTZENN.
  2611 | D:4      | 2611 ||| DRINKING 2 fizzy cyan potions.
  2612 | D:4      | 2612 ||| DRINKING 2 viscous coppery potions.
  2613 | D:4      | 2613 ||| READING 4 scrolls of identify.
  2613 | D:4      | 2613 ||| IDENTIFYING glowing dark potion
  2614 | D:4      | 2614 ||| DROPPING potion of flight.
  2632 | D:5      | Entered Level 5 of the Dungeon
  2633 | D:5      | 2633 ||| Stepping ~*~*~tactically~*~*~ (hiding).
  2636 | D:5      | 2636 ||| STAIRDANCE
  2641 | D:4      | Reached skill level 1 in Dodging
  2648 | D:5      | 2648 ||| STAIRDANCE
  2655 | D:4      | 2655 ||| DRINKING potion of curing.
  2655 | D:4      | 2655 ||| (to cure confusion)
  2660 | D:5      | 2660 ||| STAIRDANCE
  2666 | D:5      | 2666 ||| STAIRDANCE
  2672 | D:4      | Reached skill level 6 in Axes
  2674 | D:5      | 2674 ||| STAIRDANCE
  2682 | D:4      | Reached XP level 7. HP: 39/43 MP: 7/7
  2944 | D:5      | 2944 ||| Stepping ~*~*~tactically~*~*~ (stealth).
  2988 | D:5      | Reached skill level 7 in Axes
  3003 | D:5      | Found a staircase to the Ecumenical Temple.
  3004 | D:5      | 3004 ||| PLANNING TEMPLE
  3004 | D:5      | 3004 ||| READING scroll labelled MARRO ATWA BUTA.
  3005 | D:5      | 3005 ||| READING 4 scrolls of identify.
  3005 | D:5      | 3005 ||| IDENTIFYING green potion
  3006 | D:5      | 3006 ||| DROPPING potion of brilliance.
  3008 | D:5      | 3008 ||| FLEEEEING.
  3009 | D:5      | 3009 ||| FLEEEEING.
  3010 | D:5      | 3010 ||| FLEEEEING.
  3011 | D:5      | 3011 ||| FLEEEEING.
  3012 | D:5      | 3012 ||| FLEEEEING.
  3013 | D:5      | 3013 ||| FLEEEEING.
  3024 | D:5      | 3024 ||| FLEEEEING.
  3025 | D:5      | 3025 ||| FLEEEEING.
  3026 | D:5      | 3026 ||| FLEEEEING.
  3033 | D:5      | 3033 ||| FLEEEEING.
  3038 | D:5      | 3038 ||| FLEEEEING.
  3039 | D:5      | 3039 ||| FLEEEEING.
  3040 | D:5      | 3040 ||| FLEEEEING.
  3041 | D:5      | 3041 ||| STAIRDANCE
  3089 | Temple   | Entered the Ecumenical Temple
  3127 | Temple   | 3127 ||| PLANNING OKAWARU WORSHIP
  3299 | Temple   | Became a worshipper of Warmaster Okawaru
  3300 | Temple   | 3300 ||| PLANNING D:1-11
  3669 | D:5      | 3669 ||| READING 3 scrolls of identify.
  3669 | D:5      | 3669 ||| IDENTIFYING lumpy inky potion
  3670 | D:5      | 3670 ||| DROPPING potion of invisibility.
  3720 | D:6      | Reached XP level 8. HP: 48/49 MP: 8/8
  3769 | D:6      | 3769 ||| Stepping ~*~*~tactically~*~*~ (hiding).
  3828 | D:6      | Found a sparkling altar of Nemelex Xobeh.
  3832 | D:6      | 3832 ||| Stepping ~*~*~tactically~*~*~ (hiding).
  3833 | D:6      | 3833 ||| Stepping ~*~*~tactically~*~*~ (hiding).
  3928 | D:6      | Found a bloodstained altar of Trog.
  3951 | D:6      | Reached skill level 8 in Axes
  4016 | D:6      | Reached * piety under Okawaru
  4044 | D:6      | 4044 ||| INVOKING Heroism.
  4051 | D:6      | HP: 9/51 [orc priest/divine providence (12)]
  4052 | D:6      | 4052 ||| READING scroll of teleportation.
  4053 | D:6      | 4053 ||| DRINKING 2 potions of heal wounds.
  4061 | D:6      | HP: 10/51 [orc priest/divine providence (13)]
  4062 | D:6      | 4062 ||| DRINKING potion of heal wounds.
  4071 | D:6      | Reached skill level 6 in Fighting
  4071 | D:6      | 4071 ||| INVOKING Heroism.
  4077 | D:6      | HP: 13/52 [orc priest/+0 mace (6)]
  4080 | D:6      | Reached skill level 1 in Invocations
  4081 | D:6      | HP: 4/52 [gnoll/+0 spear (5)]
  4082 | D:6      | HP: 1/52 [gnoll/+0 spear (4)]
  4082 | D:6      | Slain by a gnoll

Levels and vault maps discovered:
D:1:      pf_arrival_petrified_forest, layout_rooms, serial_shops, shop,
          basic_ecumenical_altar
D:2:      layout_loops_cross
D:3:      layout_basic, mainiacjoe_overflow_paths, minmay_rat_hole
D:4:      layout_basic, uniq_duvessa
D:5:      layout_basic, minmay_temple_entry_statues_pillars
D:6:      layout_basic, grunt_temple_overflow_lords_of_destruction, bloody_trog,
          mainiacjoe_overflow_brackets, tso_altar
Temple:   nicolae_temple_figure_eight

Skill      XL: |  1  2  3  4  5  6  7  8 |
---------------+-------------------------+-----
Axes           | 2 3 4 5 6 7 8 |  8.3
Fighting       | 4 5 6 |  6.3
Dodging        | 1 |  1.1
Invocations    | 1 |  1.1
Armour         | |  3.2
Shields        | |  3.2

Action                   |  1- 3 |  4- 6 |  7- 9 || total
-------------------------+-------+-------+-------++-------
Melee: War axe           |   127 |   168 |   184 ||   479
Invok: Heroism           |       |       |     2 ||     2
  Use: Scroll            |     5 |     6 |     4 ||    15
       Potion            |     1 |     3 |     2 ||     6
Armor: Scale mail        |    49 |    87 |   141 ||   277
Dodge: Dodged            |    47 |    77 |   115 ||   239
Block: Buckler           |    19 |    29 |    59 ||   107

Table legend:
 A = Non-vault XP
 B = Vault XP
 C = Vault XP percentage of total XP
 D = Non-vault monster count
 E = Vault monster count
 F = Vault count percentage of total count
                 A         B        C        D         E       F
            +---------+---------+-------+---------+---------+-------
      Total |    1768 |     234 |  11.7 |     116 |      21 |  15.3
            +---------+---------+-------+---------+---------+-------
        D:1 |      34 |       0 |   0.0 |      23 |       0 |   0.0
        D:2 |      37 |       0 |   0.0 |      18 |       0 |   0.0
        D:3 |      25 |      20 |  44.4 |      14 |      19 |  57.6
        D:4 |     310 |     214 |  40.8 |      21 |       2 |   8.7
        D:5 |     552 |       0 |   0.0 |      15 |       0 |   0.0
        D:6 |     810 |       0 |   0.0 |      25 |       0 |   0.0
            +---------+---------+-------+---------+---------+-------
